 Dungeon Crawl Stone Soup version 0.28-a0-674-gdaf460b524 (webtiles) character file.

Game seed: 17219496232608716657

269 RepHenryClay the Conjurer (level 6, -4/36 HPs)
             Began as an Octopode Conjurer on Oct 18, 2021.
             Was an Initiate of Vehumet.
             Slain by Duvessa (16 damage)
             ... on level 4 of the Dungeon.
             The game lasted 00:04:35 (4367 turns).

RepHenryClay the Conjurer (Octopode Conjurer)       Turns: 4367, Time: 00:04:36

Health: -4/36      AC:  1    Str:  6    XL:     6   Next: 22%
Magic:  9/9        EV: 17    Int: 21    God:    Vehumet [......]
Gold:   14         SH:  0    Dex: 12    Spells: 2/9 levels left

rFire   . . .      SeeInvis .   (no weapon)
rCold   . . .      Faith    .   (no shield)
rNeg    . . .      Spirit   .   (helmet restricted)
rPois   .          Reflect  .   (no amulet)
rElec   .          Harm     .   o - +4 ring of evasion
rCorr   .          Rampage  .   (no ring)
Will    .....                   (no ring)
Stlth   +++.......              (no ring)
HPRegen 0.12/turn               (no ring)
MPRegen 0.11/turn               (no ring)
                                (no ring)
                                (no ring)

@: no status effects
A: almost no armour, amphibious, 8 rings, camouflage 1, gelatinous body 1,
(nimble swimmer 1), tentacles
a: Renounce Religion


You were on level 4 of the Dungeon.
You worshipped Vehumet.
Vehumet was noncommittal.
You visited 2 branches of the dungeon, and saw 5 of its levels.

You collected 144 gold pieces.
You spent 130 gold pieces at shops.

Inventory:

Missiles
 m - 13 poisoned darts (quivered)
Jewellery
 o - a +4 ring of evasion (left tentacle)
Wands
 k - a wand of digging (4)
Scrolls
 j - a scroll of enchant armour
Potions
 d - a potion of lignification {unknown}
 e - a potion of cancellation {unknown}
 f - a potion of brilliance {unknown}
 g - a potion of magic {unknown}
 i - a potion of mutation {unknown}
 l - a potion of flight {unknown}
 n - a potion of might {unknown}


   Skills:
 - Level 3.3 Dodging
 - Level 2.6 Stealth
 - Level 2.0 Spellcasting
 - Level 6.7 Conjurations
 + Level 0.0 Poison Magic


You had 2 spell levels left.
You knew the following spells:

 Your Spells              Type           Power      Damage    Failure   Level
a - Magic Dart            Conj           100%       1d8       1%          1
b - Searing Ray           Conj           60%        2d6       1%          2
c - Mephitic Cloud        Conj/Pois/Air  11%        N/A       19%         3
d - Sting                 Tmut/Pois      8%         1d3       14%         1

Your spell library contained the following spells:

 Spells                   Type           Power      Damage    Failure   Level
 Pain                     Necr           8%         1d4       14%         1
 Blink                    Tloc           N/A        N/A       22%         2
 Call Imp                 Summ           2%         N/A       22%         2
 Ensorcelled Hibernation  Hex/Ice        4%         N/A       22%         2
 Dazzling Flash           Conj/Hex       32%        N/A       11%         3
 Fulminant Prism          Conj/Hex       8%         3d7       36%         4
 Iskenderun's Mystic Bla  Conj/Tloc      16%        2d5       36%         4
 Lesser Beckoning         Tloc           2%         N/A       41%         3
 Freezing Cloud           Conj/Ice/Air   5%         6-21      86%         5
 Agony                    Necr           2%         N/A       99%         5
 Excruciating Wounds      Necr           1%         N/A       99%         5
 Manifold Assault         Tloc           2%         N/A       99%         5


Dungeon Overview and Level Annotations

Branches:
Dungeon (4/15)             Temple (1/1) D:4

Altars:
Kikubaaqudgha
Makhleb
Nemelex Xobeh
Okawaru
Qazlal
Ru
Sif Muna
Vehumet
Yredelemnul

Shops:
D:3 *

Annotations:
D:4 Dowan, Duvessa


Innate Abilities, Weirdness & Mutations

You cannot wear most types of armour.
You are amphibious.
You can wear up to eight rings at the same time.
Your skin changes colour to match your surroundings (Stealth+).
Your rubbery body absorbs attacks. (AC +1, EV +1)
((You are camouflaged near water. (Stealth+)))
You have tentacles for arms and can constrict up to eight enemies at once.


Message History

As you read the scroll labelled MACLOD ZOIKKO, it crumbles to dust.
It is a scroll of brand weapon.
You aren't carrying any weapons that can be branded.
As you read the scroll labelled HUNOMI NUQEOQI, it crumbles to dust.
It is a scroll of enchant armour.
You aren't carrying any armour which can be enchanted further.
As you read the scroll labelled NOKARCHU BUNLASHRUSK, it crumbles to dust.
It is a scroll of amnesia.
Really abort (and waste the scroll)?
Okay, then.
This spell is quite dangerous to cast!
Memorise Mephitic Cloud, consuming 3 spell levels and leaving 3?
You start memorising the spell.
You continue memorising. x3
You finish memorising.
Spell assigned to 'c'.
Memorise Sting, consuming 1 spell level and leaving 2?
You start memorising the spell.
You continue memorising.
You finish memorising.
Spell assigned to 'd'.
Casting: Searing Ray (safe; 1% risk of failure)
Confirm with . or Enter, or press ? or * to list all spells.
Okay, then.
Okay, then.
You climb upwards.
Welcome back to the Dungeon!
Level annotation: Dowan, Duvessa Duvessa completely misses you.
The kobold hits you with a +0 short sword.
Duvessa hits you with a +0 rapier!
There is a staircase to the Ecumenical Temple, spattered with blood here.
Huge Dmg: -44%(-16hp) hp: 56%(20hp)
The kobold hits you with a +0 short sword.
Duvessa closely misses you.
Huge Dmg: -14%(-5hp) hp: 42%(15hp)
The kobold barely misses you.
The goblin shoots a stone.
The stone misses you. Dowan gestures at you while chanting.
The puff of flame hits you.
* * * LOW HITPOINT WARNING * * *
Huge Dmg: -14%(-5hp) hp: 31%(11hp)
There is a stone staircase leading up here.
Duvessa hits you with a +0 rapier!
You die...

..#.#.#...# ###.#..#.###.#....#
.#.#.#.#..# ###.#..#.###...##...#
..#.>.#...# #+#.#..#.###....#####.#
.#.#.#.#.####.#..#.###....#..# #.#
..#.#.#..##....#.###...##.##.####.#
...#.#...##.#..###...#..#.(#.#..#.#
.........##.##################.....
...##..........K...........#......#
............g..ee@.....<.###......#
...####################..###......#
... ##..........# . #####>.....#
#......# #......# #......# #.(....#
########


You could see Duvessa, Dowan, a goblin and a kobold.

Vanquished Creatures
  A scorpion (D:4)
  A gnoll shaman (Temple)
  A hound (D:4)
  3 gnolls (D:4)
  6 adders
  2 worms (D:2)
  4 dart slugs
  An orc (D:2)
  2 ball pythons
  7 endoplasms
  5 giant cockroaches
  4 goblins
  5 hobgoblins
  3 quokkas
  3 bats
  A frilled lizard (D:2)
  6 kobolds
  3 rats
58 creatures vanquished.

Notes
Turn   | Place    | Note
-------+----------+-------------------------------------------
     0 | D:1      | RepHenryClay the Octopode Conjurer began the quest for the
                  | Orb.
     0 | D:1      | Reached XP level 1. HP: 11/11 MP: 3/3
    10 | D:1      | Found a faded altar of an unknown god.
   380 | D:1      | Reached XP level 2. HP: 14/17 MP: 1/5
  1352 | D:2      | Learned a level 2 spell: Searing Ray
  1390 | D:2      | Reached XP level 3. HP: 21/21 MP: 4/6
  1591 | D:2      | Reached skill level 5 in Conjurations
  2003 | D:2      | Reached XP level 4. HP: 25/27 MP: 3/7
  2620 | D:3      | Got Uczaas's Compendium of the Nocuous Frostbite
  2906 | D:3      | Reached skill level 6 in Conjurations
  3167 | D:3      | Found Enydosku's Assorted Antiques.
  3170 | D:3      | Reached XP level 5. HP: 31/31 MP: 5/8
  3207 | D:3      | Bought a garnet ring for 130 gold pieces
  3303 | D:4      | Found a sacrificial altar of Ru.
  3675 | D:4      | Reached XP level 6. HP: 20/36 MP: 9/9
  3907 | D:4      | Found a staircase to the Ecumenical Temple.
  3910 | D:4      | Noticed Dowan
  3910 | D:4      | Noticed Duvessa
  3917 | Temple   | Entered the Ecumenical Temple
  4307 | Temple   | Became a worshipper of Vehumet
  4349 | Temple   | Learned a level 3 spell: Mephitic Cloud
  4351 | Temple   | Learned a level 1 spell: Sting
  4367 | D:4      | Slain by Duvessa

Illustrated notes

Levels and vault maps discovered:
D:1:      dpeg_arrival_tiny_d, layout_loops_ring,
          hellmonk_ecumenical_altar_pennies_from_heaven,
          minmay_misc_feat_hallway, solitary_fountain, chequers_garden,
          chequers_serial_rivers_micro_e
D:2:      layout_basic, minmay_misc_feat_pillars
D:3:      layout_rooms, serial_shops, nicolae_lakefront_shop
D:4:      minmay_razor_zed, layout_rooms, general_overflow_altar,
          mainiacjoe_overflow_brackets, minmay_temple_entry_grid,
          grunt_ministairs_10, chequers_serial_rivers_marsh, uniq_ijyb,
          uniq_duvessa
Temple:   jpeg_temple_alley_garden

Skill      XL: |  1  2  3  4  5 |
---------------+----------------+-----
Conjurations   | 5 6 |  6.7
Dodging        | 3 |  3.3
Stealth        | |  2.6
Spellcasting   | |  2.0

Action                   |  1- 3 |  4- 6 || total
-------------------------+-------+-------++-------
Melee: Unarmed           |    43 |     9 ||    52
       Constrict         |     8 |     2 ||    10
       Tentacles         |     6 |       ||     6
Throw: Dart              |       |     7 ||     7
 Cast: Magic Dart        |    47 |    45 ||    92
       Searing Ray       |     1 |     7 ||     8
  Use: Scroll            |       |     5 ||     5
       Potion            |       |     1 ||     1
 Stab: Sleeping          |     2 |       ||     2
Armor: Skin              |     2 |     3 ||     5
Dodge: Dodged            |    21 |    32 ||    53

Table legend: (Time is in decaauts)
 A = Elapsed time spent in this place.
 B = Non-inter-level travel time spent in this place.
 C = Inter-level travel time spent in this place.
 D = Time resting spent in this place.
 E = Time spent auto-exploring this place.
 F = Levels seen in this place.
 G = Mean time per level.
                   A        B        C        D        E       F      G
               +--------+--------+--------+--------+--------+-----+--------+
         Total |   4367 |   4310 |     57 |    908 |   2944 |   5 |  873.4 |
       Dungeon |   3932 |   3907 |     25 |    670 |   2827 |   4 |  983.0 |
        Temple |    434 |    402 |     32 |    238 |    117 |   1 |  434.0 |
               +--------+--------+--------+--------+--------+-----+--------+

Top non-repeatable levels by time:
     D:1: 1348 daAuts
     D:2: 1201 daAuts
     D:3: 726 daAuts
     D:4: 656 daAuts
  Temple: 434 daAuts
